 Dungeon Crawl Stone Soup version 0.28.0-53-g5a82cb258f (webtiles) character file.

Game seed: 18078877958977896712

3843 mkf the Grappler (level 9, 0/83 HPs)
             Began as a Troll Fighter on June 17, 2022.
             Was a Priest of Okawaru.
             Slain by a hornet (4 damage)
             ... while paralysed by a hornet
             ... on level 7 of the Dungeon.
             The game lasted 00:37:43 (6320 turns).

mkf the Grappler (Troll Fighter)                    Turns: 6320, Time: 00:37:44

Health: 0/83       AC:  5    Str: 36    XL:     9   Next: 98%
Magic:  6/8        EV:  1    Int:  8    God:    Okawaru [***...]
Gold:   346        SH:  0    Dex:  9    Spells: 8/8 levels left

rFire   + . .      SeeInvis +     - Unarmed
rCold   . . .      Faith    .   b - +0 kite shield
rNeg    + . .      Spirit   .   m - +1 robe of Grace {rF+ SInv Stlth+}
rPois   .          Reflect  .   (helmet restricted)
rElec   .          Harm     .   (no cloak)
rCorr   .          Rampage  .   (gloves unavailable)
Will    .....      NoTele   +   (boots unavailable)
Stlth   ++++......              E - amulet of Dyluun {Acrobat -Tele rN+ Str+4}
HPRegen 1.03/turn               r - +6 ring of strength
MPRegen 0.11/turn               (no ring)

@: paralysed, heroic, slowed, studying Maces & Flails
A: large, unfitting armour, claws 3, regeneration 1, shaggy fur 1, tough skin 1
a: Renounce Religion, Heroism


You were on level 7 of the Dungeon.
You worshipped Okawaru.
Okawaru was most pleased with you.
You visited 2 branches of the dungeon, and saw 8 of its levels.

You collected 346 gold pieces.

Inventory:

Hand Weapons
 q - a +3 dagger of venom
 z - a +6 falchion
 A - a +0 flail of draining
 B - a +2 vorpal flail
 C - a +4 mace
Missiles
 d - 123 stones (quivered)
 y - 2 boomerangs
Armour
 a - a +0 robe
 b - a +0 kite shield (worn)
 m - the +1 robe of Grace (worn) {rF+ SInv Stlth+}
   (You found it on level 2 of the Dungeon)

   rF:        It protects you from fire.
   SInv:      It lets you see invisible.
   Stlth:     It makes you more stealthy.
 G - a +1 robe of resistance
Magical Staves
 e - a staff of fire
Jewellery
 r - a +6 ring of strength (left claw)
 E - the amulet of Dyluun (around neck) {Acrobat -Tele rN+ Str+4}
   (You found it on level 7 of the Dungeon)

   [amulet of the acrobat]

   It increases your evasion while moving and waiting.
   Str:       It affects your strength (+4).
   rN:        It protects you from negative energy.
   -Tele:     It prevents most forms of teleportation.
Wands
 v - a wand of flame (24)
Scrolls
 h - 3 scrolls of enchant weapon
 i - 3 scrolls of enchant armour
 j - 2 scrolls of fear {unknown}
 l - a scroll of amnesia
 n - a scroll of fog
 p - a scroll of magic mapping
 s - a scroll of blinking {unknown}
 t - 2 scrolls of identify
 w - a scroll of noise {unknown}
 D - a scroll of vulnerability
Potions
 c - 2 potions of might
 f - 2 potions of magic
 g - 3 potions of attraction
 k - 2 potions of curing
 o - 3 potions of invisibility {unknown}
 u - a potion of brilliance {unknown}
 x - a potion of resistance {unknown}
 F - a potion of berserk rage {unknown}


   Skills:
 + Level 3.4(8.4) Fighting
 + Level 6.6(11.6) Throwing
 + Level 5.2(10.2) Dodging
 + Level 1.2(6.2) Stealth
 + Level 5.5(10.5) Shields
 + Level 8.7(13.7) Unarmed Combat


You had 8 spell levels left.
You didn't know any spells.
Your spell library contained the following spells:

 Spells                   Type           Power      Damage    Failure   Level
 Inner Flame              Hex/Fire       0%         N/A       93%         3
 Cause Fear               Hex            0%         N/A       100%        4
 Discord                  Hex            0%         N/A       100%        8


Dungeon Overview and Level Annotations

Branches:
Dungeon (7/15)             Temple (1/1) D:5

Altars:
Ashenzari
Cheibriados
Dithmenos
Elyvilon
Fedhas
Gozag
Hepliaklqana
Kikubaaqudgha
Makhleb
Nemelex Xobeh
Okawaru
Qazlal
Ru
Sif Muna
Trog
Uskayaw
Vehumet
Wu Jian
Xom
Yredelemnul
Zin
The Shining One

Annotations:
D:1 1 runed translucent door


Innate Abilities, Weirdness & Mutations

You are too large for most types of armour.
You have claws for hands.
Your natural rate of healing is unusually fast.
You are covered in fur. (AC +1)
You have tough skin. (AC +1)


Message History

You feel as though you will be slow longer.
You closely miss the hornet.
The hornet is severely wounded.
You feel sick. The hornet barely misses you. x2
You barely miss the hornet.
The hornet is severely wounded.
You feel sick. The hornet stings you.
You feel as though you will be slow longer.
The hornet stings you.
You feel as though you will be slow longer.
You scratch the hornet but do no damage.
The hornet is severely wounded.
You feel sick.
You are no longer poisoned.
The hornet stings you!
You feel as though you will be slow longer.
The hornet stings you but does no damage.
You closely miss the hornet.
The hornet is severely wounded.
The hornet barely misses you. The hornet stings you!
You are poisoned.
You feel as though you will be slow longer.
You miss the hornet.
The hornet is severely wounded.
You feel very sick. The hornet stings you!
* * * LOW HITPOINT WARNING * * *
You feel as though you will be slow longer.
You block the hornet's attack.
The hornet stings you but does no damage.
Okay, then.
You feel better. The hornet stings you!
* * * LOW HITPOINT WARNING * * *
You feel as though you will be slow longer.
You block the hornet's attack.
You gain the combat prowess of a mighty hero.
The hornet stings you!
* * * LOW HITPOINT WARNING * * *
You suddenly lose the ability to move!
The hornet stings you.
You die...

......#..###.......#..###########
.####....#.......................
.##........#..........###########
......#..####......####
.##.#.#..........#.#
......########...#.# ....#.#
#....># .####... ###.### .# #.#.#
#@# (. ...... #y# ##### .. #o#
..... #o# ..##. #o# #.# .(. ..#
#(# #.# #.# #


You could see a hornet and 3 orcs.

Vanquished Creatures
  Sigmund (D:4)
  A steam dragon (D:6)
  Menkaure (D:4)
  Edmund (D:6)
  Duvessa (D:7)
  A water moccasin (D:6)
  A hornet zombie (D:6)
  2 ice beasts
  A black bear (D:6)
  5 ogres
  A phantom (D:7)
  2 centaurs
  A bullfrog (D:7)
  A kobold brigand (D:7)
  A gnoll sergeant (D:5)
  6 scorpions
  A water moccasin zombie (D:5)
  A water moccasin skeleton (D:4)
  Dowan (D:7)
  6 killer bees (D:7)
  4 wights
  A howler monkey (D:7)
  2 centaur zombies
  4 hounds
  3 jellies
  A bullfrog zombie (D:6)
  A gnoll shaman (D:4)
  4 iguanas
  A centaur skeleton (D:6)
  Natasha (thrice) (D:4)
  4 orc wizards
  Robin (D:4)
  A howler monkey zombie (D:5)
  13 gnolls
  10 adders
  A shadow imp (D:5)
  5 worms
  A dart slug (D:2)
  11 orcs
  4 endoplasms (D:1)
  8 giant cockroaches
  15 goblins
  11 hobgoblins
  10 kobolds
  3 quokkas
  5 ball pythons
  4 bats
  A frilled lizard (D:2)
  4 rats
172 creatures vanquished.

Vanquished Creatures (others)
  A fungus (D:2)
  3 withered plants (D:7)
4 creatures vanquished.

Grand Total: 176 creatures vanquished

Notes
Turn   | Place    | Note
-------+----------+-------------------------------------------
     0 | D:1      | mkf the Troll Fighter began the quest for the Orb.
     0 | D:1      | Reached XP level 1. HP: 22/22 MP: 0/0
     1 | D:1      | Found a runed translucent door.
   182 | D:1      | Reached XP level 2. HP: 29/29 MP: 1/1
   832 | D:2      | Reached XP level 3. HP: 36/36 MP: 2/2
   925 | D:2      | Found a faded altar of an unknown god.
   934 | D:2      | Reached skill level 1 in Throwing
  1116 | D:2      | Identified the +1 robe of Grace {rF+ SInv Stlth+}
  1223 | D:2      | Noticed a scorpion
  1234 | D:2      | Killed a scorpion
  1235 | D:2      | Reached XP level 4. HP: 41/44 MP: 3/3
  1573 | D:3      | Reached XP level 5. HP: 50/50 MP: 4/4
  1646 | D:3      | Reached skill level 3 in Unarmed Combat
  2163 | D:3      | Noticed an ogre
  2222 | D:3      | Killed an ogre
  2223 | D:3      | Reached XP level 6. HP: 36/59 MP: 5/5
  2579 | D:4      | Noticed Robin
  2673 | D:4      | Noticed Sigmund
  2717 | D:4      | Killed Sigmund
  2718 | D:4      | Reached skill level 4 in Unarmed Combat
  2725 | D:4      | Reached XP level 7. HP: 61/66 MP: 6/6
  2738 | D:4      | Noticed Natasha
  2849 | D:4      | Noticed Menkaure
  2857 | D:4      | Killed Menkaure
  2860 | D:4      | Killed Natasha
  2877 | D:4      | Noticed Natasha
  2883 | D:4      | Killed Natasha
  2901 | D:4      | Noticed Natasha
  2925 | D:4      | Killed Natasha
  3199 | D:4      | Killed Robin
  3408 | D:5      | Entered Level 5 of the Dungeon
  3435 | D:5      | Reached skill level 5 in Unarmed Combat
  3456 | D:5      | Found a staircase to the Ecumenical Temple.
  3472 | Temple   | Entered the Ecumenical Temple
  3842 | Temple   | Became a worshipper of Warmaster Okawaru
  3925 | D:5      | Reached XP level 8. HP: 74/74 MP: 7/7
  3987 | D:5      | Reached skill level 5 in Throwing
  4096 | D:5      | Reached * piety under Okawaru
  4148 | D:5      | Reached skill level 6 in Unarmed Combat
  4827 | D:6      | Noticed Edmund
  4850 | D:6      | Killed Edmund
  4851 | D:6      | Reached XP level 9. HP: 71/83 MP: 8/8
  4885 | D:6      | Reached ** piety under Okawaru
  5132 | D:6      | Reached skill level 7 in Unarmed Combat
  5527 | D:6      | Reached skill level 5 in Shields
  5719 | D:6      | You fall into a shaft and drop 1 floor!
  5804 | D:7      | Reached *** piety under Okawaru
  5805 | D:7      | Reached skill level 8 in Unarmed Combat
  5897 | D:7      | Reached skill level 5 in Dodging
  5897 | D:7      | Reached skill level 1 in Stealth
  5899 | D:7      | Identified the amulet of Dyluun {Acrobat -Tele rN+ Str+4}
  6131 | D:7      | Noticed Dowan
  6133 | D:7      | Noticed Duvessa
  6144 | D:7      | Killed Duvessa
  6152 | D:7      | Found an ancient bone altar of Kikubaaqudgha.
  6215 | D:7      | Killed Dowan
  6320 | D:7      | HP: 4/83 [hornet (14)]
  6320 | D:7      | Paralysed by a hornet for 3 turns
  6320 | D:7      | Slain by a hornet

Illustrated notes

Levels and vault maps discovered:
D:1:      dpeg_arrival_caged_fury, layout_loops_ring, st_stairs_9
D:2:      layout_rooms, shapermc_ecumenical_altar_acropolis,
          kennysheep_big_empty_room
D:3:      layout_basic
D:4:      layout_rooms, uniq_sigmund, uniq_natasha, uniq_robin, uniq_menkaure
D:5:      layout_cave_pools, minmay_temple_entry_large_hall
D:6:      layout_loops_corners, minmay_misc_feat_five, minmay_manual_mullet,
          uniq_edmund
D:7:      lemuel_ice_statue, layout_loops_cross, kiku_gazebo_garden_becter,
          minivault_27, uniq_crazy_yiuf_cottage, uniq_duvessa, uniq_maggie
Temple:   nicolae_temple_the_god_donut

Skill      XL: |  1  2  3  4  5  6  7  8  9 |
---------------+----------------------------+-----
Throwing       | 2 3 4 5 6 |  6.6
Dodging        | 3 4 5 |  5.2
Unarmed Combat | 3 4 5 6 8 |  8.7
Shields        | 3 4 5 |  5.5
Fighting       | 3 |  3.4
Stealth        | 1 |  1.2

Action                   |  1- 3 |  4- 6 |  7- 9 || total
-------------------------+-------+-------+-------++-------
Melee: Unarmed           |    64 |    66 |   347 ||   477
Throw: Stone             |    90 |    35 |   199 ||   324
       Boomerang         |       |    48 |       ||    48
Invok: Heroism           |       |       |     1 ||     1
  Use: Scroll            |     2 |     3 |     4 ||     9
       Potion            |       |       |     1 ||     1
Armor: Robe              |    24 |    35 |    68 ||   127
Dodge: Dodged            |    29 |    31 |   122 ||   182
Block: Kite shield       |    24 |    27 |   156 ||   207
